 Dungeon Crawl Stone Soup version 0.19.5 (webtiles) character file.

1397 Jerry the Thaumaturge (level 8, -9/41 HPs)
             Began as a Deep Elf Fire Elementalist on May 12, 2017.
             Was a Follower of Vehumet.
             Mangled by an orc warrior
             ... wielding a +0 glaive
              (20 damage)
             ... on level 6 of the Dungeon.
             The game lasted 00:24:20 (6027 turns).

Jerry the Thaumaturge (Deep Elf Fire Elementalist)  Turns: 6027, Time: 00:24:21

Health: -9/41      AC:  8    Str:  5    XL:     8   Next: 41%
Magic:  15/22      EV: 13    Int: 23    God:    Vehumet [*.....]
Gold:   363        SH:  0    Dex: 15    Spells: 6 memorised, 8 levels left

rFire  . . .     SeeInvis +     D - +0 longbow (flame)
rCold  . . .     Gourm    .     a - +0 robe
rNeg   . . .     Faith    .     (shield currently unavailable)
rPois  .         Spirit   .     r - +2 helmet
rElec  .         Reflect  .     (no cloak)
rCorr  .         Harm     .     (no gloves)
MR     .....                    d - +2 pair of boots
Stlth  ++........               (no amulet)
                                (no ring)
                                n - ring of see invisible

@: no status effects
A: no striking features
a: Renounce Religion


You were on level 6 of the Dungeon.
You worshipped Vehumet.
Vehumet was aware of your devotion.
You were hungry.

You visited 2 branches of the dungeon, and saw 7 of its levels.
You also visited: Ossuary.

You collected 500 gold pieces.
You spent 137 gold pieces at shops.

Inventory:

Hand Weapons
 k - a +2 dagger of venom
 D - a +0 longbow of flaming (weapon)
Missiles
 j - 76 arrows (quivered)
Armour
 a - a +0 robe (worn)
 d - a +2 pair of boots (worn)
 r - a +2 helmet (worn)
Jewellery
 n - a ring of see invisible (left hand)
Wands
 u - a wand of acid (8/15)
 y - a wand of disintegration (18/24)
 B - a wand of random effects (17/48)
 G - a wand of lightning (10/15)
Scrolls
 e - 2 scrolls of amnesia {unknown}
 f - a scroll of identify {unknown}
 g - a scroll of magic mapping {unknown}
 h - a scroll of noise {unknown}
 m - a scroll of fear {unknown}
 o - 3 scrolls of remove curse {unknown}
 t - a scroll of blinking {unknown}
 v - 3 scrolls of teleportation {unknown}
 w - a scroll of enchant weapon {unknown}
Potions
 i - a potion of agility {unknown}
 q - a potion of flight {unknown}
 s - 2 potions of lignification {unknown}
 x - 2 potions of haste {unknown}
 z - a potion of berserk rage {unknown}
 A - 2 potions of magic {unknown}
 C - 4 potions of curing {unknown}
 E - 2 potions of degeneration {unknown}
 F - 2 potions of cure mutation {unknown}
 H - a potion of brilliance {unknown}
 I - a potion of might {unknown}
 J - 2 potions of invisibility {unknown}
 K - a potion of cancellation {unknown}
Books
 b - a book of Flames

   Spells                             Type                      Level
   a - Flame Tongue                   Conjuration/Fire             1
   b - Throw Flame                    Conjuration/Fire             2
   c - Conjure Flame                  Conjuration/Fire             3
   d - Inner Flame                    Hexes/Fire                   3
   e - Sticky Flame                   Conjuration/Fire             4
   f - Fireball                       Conjuration/Fire             5
Comestibles
 c - 5 bread rations
 l - a meat ration
 p - 4 beef jerkies


   Skills:
 - Level 2.4 Dodging
 - Level 2.4 Stealth
 + Level 8.5 Spellcasting
 + Level 6.6 Conjurations
 + Level 7.2 Fire Magic


You had 8 spell levels left.
You knew the following spells:

 Your Spells              Type           Power        Failure   Level  Hunger
a - Flame Tongue          Conj/Fire      #####        1%          1    None
b - Throw Flame           Conj/Fire      #####.       1%          2    None
c - Conjure Flame         Conj/Fire      #####...     1%          3    None
d - Sticky Flame          Conj/Fire      #####...     4%          4    ##.....
e - Sting                 Conj/Pois      ###.         1%          1    None
f - Fireball              Conj/Fire      #####.....   12%         5    #####..


Dungeon Overview and Level Annotations

Branches:
Dungeon (6/15)             Temple (1/1) D:5

Altars:
Ashenzari
Cheibriados
Dithmenos
Elyvilon
Fedhas
Gozag
Hepliaklqana
Kikubaaqudgha
Makhleb
Nemelex Xobeh
Okawaru
Qazlal
Ru
Sif Muna
Trog
Uskayaw
Vehumet
Xom
Yredelemnul
Zin
The Shining One

Shops:
D:5 (   D:6 [


Message History

Casting: Flame Tongue
Confirm with . or Enter, or press ? or * to list all spells.
Aiming: Flame Tongue
Press: ? - help, Shift-Dir - straight line, f/p - orc warrior
Aim: an orc warrior, wielding a glaive and wearing a chain mail (heavily wounded)
The flame tongue hits the orc warrior.
The orc warrior appears unharmed.
The orc warrior is heavily wounded.
The orc warrior hits you from afar with a glaive!!
Ouch! That really hurt!
* * * LOW HITPOINT WARNING * * *
You hear a shout!
Casting: Flame Tongue
Confirm with . or Enter, or press ? or * to list all spells.
Aiming: Flame Tongue
Press: ? - help, Shift-Dir - straight line, f/p - orc warrior
Aim: an orc warrior, wielding a glaive and wearing a chain mail (heavily wounded)
The flame tongue hits the orc warrior.
The orc warrior appears unharmed.
The orc warrior is heavily wounded.
The orc warrior hits you from afar with a glaive!!
You die...

.... #.##.####.#.# # #.
.... #.....)รท....# #. ##
..## #....####.#.####..#.
..# #............>....##
..# ....###(##.............
..#
..............#.##...... .#
##...####.#...#.# ##.### #
############.#...#.####.###
(((.(.).o)@................
#.####.####.....#.#.##.###
#..(...# #.#...#.#.##.#..
#......####.#...#.#.##.#.#
#......#..................
#......#.##.#...#.#..#.#.#
#.###.....................
... ...#.##.#...#.#..#...#
## #..# #.#...#.#.#....#


You could see an orc warrior.

Vanquished Creatures
  2 phantoms
  2 ice beasts
  A black bear (D:6)
  2 ogres
  2 crimson imps (D:6)
  A hound (D:5)
  An orc priest (D:6)
  A bullfrog skeleton (D:5)
  Jessica (D:3)
  2 iguanas
  Natasha (thrice) (D:3)
  5 worker ants
  A big kobold zombie (Ossuary)
  8 mummies (Ossuary)
  7 gnolls
  6 adders
  A shadow imp (D:5)
  An ooze (D:1)
  7 worms
  4 dart slugs
  6 leopard geckos
  6 orcs
  8 bats
  3 giant cockroaches
  A gnoll zombie (Ossuary)
  8 goblins
  9 hobgoblins
  7 kobolds
  A quokka (D:5)
  A ball python (D:3)
  3 frilled lizards
  3 hobgoblin zombies (Ossuary)
  2 kobold zombies (Ossuary)
  An orc zombie (Ossuary)
  7 rats
124 creatures vanquished.

Notes
Turn   | Place    | Note
-------+----------+-------------------------------------------
     0 | D:1      | Jerry the Deep Elf Fire Elementalist began the quest for the Orb.
     0 | D:1      | Reached XP level 1. HP: 10/10 MP: 6/6
   181 | D:1      | Reached XP level 2. HP: 15/15 MP: 5/8
   246 | D:1      | Learned a level 2 spell: Throw Flame
   631 | D:1      | Found a glowing golden altar of the Shining One.
   667 | D:1      | Reached XP level 3. HP: 19/19 MP: 7/10
  1162 | D:2      | Reached skill level 4 in Spellcasting
  1282 | D:2      | Reached XP level 4. HP: 24/24 MP: 10/12
  1292 | D:2      | Learned a level 3 spell: Conjure Flame
  1297 | D:2      | Learned a level 4 spell: Sticky Flame
  1350 | D:2      | Found a burning altar of Makhleb.
  1549 | D:2      | Found a stormy altar of Qazlal.
  1635 | D:2      | Found a white marble altar of Elyvilon.
  2271 | D:3      | Found an opulent altar of Gozag.
  2437 | D:3      | Noticed Jessica
  2445 | D:3      | Killed Jessica
  2445 | D:3      | Reached XP level 5. HP: 28/28 MP: 11/14
  2612 | D:3      | Noticed Natasha
  2626 | D:3      | Killed Natasha
  2626 | D:3      | Reached skill level 5 in Spellcasting
  2790 | D:3      | Noticed Natasha
  2808 | D:3      | Killed Natasha
  2873 | D:3      | Noticed Natasha
  2874 | D:3      | Killed Natasha
  3133 | D:3      | Reached XP level 6. HP: 32/32 MP: 14/16
  3314 | D:3      | Reached skill level 5 in Fire Magic
  3446 | D:4      | Reached skill level 6 in Spellcasting
  3551 | D:4      | Found an iron altar of Okawaru.
  3720 | D:4      | Reached XP level 7. HP: 12/36 MP: 14/18
  4090 | D:4      | Found a basalt altar of Yredelemnul.
  4100 | D:4      | Found a shimmering altar of Xom.
  4186 | D:4      | Found a blossoming altar of Fedhas.
  4514 | D:5      | Entered Level 5 of the Dungeon
  4521 | D:5      | Found a staircase to the Ecumenical Temple.
  4536 | D:5      | Reached skill level 5 in Conjurations
  4591 | D:5      | Found a hide-covered altar of Uskayaw.
  4591 | D:5      | Noticed a hand axe
  4592 | D:5      | Noticed an enchanted dagger
  4625 | Temple   | Entered the Ecumenical Temple
  4703 | Temple   | Became a worshipper of Vehumet
  4836 | D:5      | Found Bautihe's Weapon Shop.
  4839 | D:5      | Bought a +0 longbow of flaming for 101 gold pieces
  4839 | D:5      | Bought 18 arrows for 36 gold pieces
  4853 | D:5      | Reached skill level 7 in Spellcasting
  5127 | D:5      | Found a sacrificial altar of Ru.
  5278 | D:6      | Reached XP level 8. HP: 41/41 MP: 15/21
  5413 | D:6      | Found Jacvyimp's Armour Emporium.
  5492 | D:6      | Reached skill level 8 in Spellcasting
  5497 | D:6      | Found a sand-covered staircase.
  5502 | Ossuary  | Entered an ossuary
  5680 | Ossuary  | Reached * piety under Vehumet
  5680 | Ossuary  | Offered knowledge of Sting by Vehumet.
  5948 | D:6      | Learned a level 1 spell: Sting
  5954 | D:6      | Learned a level 5 spell: Fireball
  6027 | D:6      | Mangled by an orc warrior

Skill      XL: |  1  2  3  4  5  6  7  8 |
---------------+-------------------------+-----
Conjurations   | 2 3 4 6 |  6.6
Spellcasting   | 4 5 6 7 8 |  8.5
Fire Magic     | 4 5 6 7 |  7.2
Dodging        | |  2.4
Stealth        | |  2.4

Action                   |  1- 3 |  4- 6 |  7- 9 || total
-------------------------+-------+-------+-------++-------
Melee: Dagger            |       |    23 |       ||    23
 Fire: Longbow           |       |       |    99 ||    99
       Hunting sling     |       |       |     4 ||     4
 Cast: Flame Tongue      |    53 |   107 |    60 ||   220
       Throw Flame       |     5 |     4 |       ||     9
       Sticky Flame      |       |       |     4 ||     4
  Eat: Chunk             |     1 |     7 |     7 ||    15
Armor: Robe              |     1 |    13 |    16 ||    30
Dodge: Dodged            |     8 |    51 |    30 ||    89
